 Dungeon Crawl Stone Soup version 0.22-a0-570-g58866f5 (webtiles) character file.

32 iamserjio the Covered (level 3, -1/23 HPs)
             Began as a Gargoyle Fighter on June 30, 2018.
             Slain by TheNamelessOne's ghost (3 damage)
             ... on level 3 of the Dungeon.
             The game lasted 00:02:35 (353 turns).

iamserjio the Covered (Gargoyle Fighter)             Turns: 353, Time: 00:02:36

Health: -1/23      AC: 14    Str: 24    XL:     3   Next: 25%
Magic:  3/3        EV:  4    Int:  8    God:
Gold:   49         SH:  9    Dex: 10    Spells: 2/2 levels left

rFire    . . .     SeeInvis .   a - +0 war axe
rCold    . . .     Gourm    .   c - +0 shield
rNeg     + . .     Faith    .   h - +0 plate armour
rPois    ∞         Spirit   .   (no helmet)
rElec    +         Reflect  .   (no cloak)
rCorr    .         Harm     .   (no gloves)
MR       .....                  (no boots)
Stlth    ..........             (no amulet)
HPRegen  0.07/turn              (no ring)
MPRegen  0.08/turn              (no ring)

@: mighty
A: negative energy resistance 1, electricity resistance, unbreathing,
petrification resistance, rot immunity, AC +3
a: no special abilities


You were on level 3 of the Dungeon.
You were not hungry.

You visited 1 branch of the dungeon, and saw 3 of its levels.

You collected 49 gold pieces.

Inventory:

Hand Weapons
 a - a +0 war axe (weapon)
Armour
 b - a +0 scale mail
 c - a +0 shield (worn)
 h - a +0 plate armour (worn)
Scrolls
 e - 2 scrolls of identify {unknown}
 g - a scroll of remove curse {unknown}
 i - a scroll of fear {unknown}
Comestibles
 f - 2 rations


   Skills:
 + Level 3.6 Fighting
 * Level 2.4 Axes
 + Level 3.6 Armour
 + Level 3.6 Shields


You had 2 spell levels left.
You didn't know any spells.
Your spell library was empty.

Dungeon Overview and Level Annotations

Branches:
Dungeon (3/15)

Altars:

Annotations:
D:3 TheNamelessOne's ghost, amateur OgMo


Innate Abilities, Weirdness & Mutations

You are resistant to torment.
Your stone body is resilient. (AC +3)
You are immune to poison.
You resist negative energy. (rN+)
You are resistant to electric shocks. (rElec)
You can survive without breathing.
You are immune to petrification.
You are immune to rotting.


Message History

TheNamelessOne's ghost is severely damaged.
TheNamelessOne's ghost hits you.
* * * LOW HITPOINT WARNING * * *
TheNamelessOne's ghost hits you.
* * * LOW HITPOINT WARNING * * *
You closely miss TheNamelessOne's ghost.
TheNamelessOne's ghost is severely damaged.
You block TheNamelessOne's ghost's attack.
Your shield and plate armour prevent you from hitting TheNamelessOne's ghost.
TheNamelessOne's ghost is severely damaged.
TheNamelessOne's ghost hits you.
* * * LOW HITPOINT WARNING * * *
TheNamelessOne's ghost hits you but does no damage.
You closely miss TheNamelessOne's ghost.
TheNamelessOne's ghost is severely damaged.
TheNamelessOne's ghost hits you but does no damage.
You slash TheNamelessOne's ghost!
TheNamelessOne's ghost is almost destroyed.
TheNamelessOne's ghost hits you.
You die...

... .############
...###.........[.#
.......#..........
.......#....##....
...............#
..........<..#####
.......#...#.#.=.#
.......()...@W%?.#
......†#)..).#).%#
..###........#####
#.#........#
#.#....###.#
........ ..#
.......... ..#
..........# #..


You could see TheNamelessOne's ghost.

Vanquished Creatures
  An adder (D:3)
  An orc (D:3)
  3 bats
  4 goblins
  2 hobgoblins
  2 jackals (D:2)
  A frilled lizard (D:1)
  3 kobolds
  4 rats
21 creatures vanquished.

Notes
Turn   | Place    | Note
-------+----------+-------------------------------------------
     0 | D:1      | iamserjio the Gargoyle Fighter began the quest for the Orb.
     0 | D:1      | Reached XP level 1. HP: 14/14 MP: 1/1
   131 | D:2      | Reached XP level 2. HP: 18/19 MP: 2/2
   308 | D:3      | Found a runed door.
   308 | D:3      | Noticed TheNamelessOne's ghost (amateur OgMo)
   314 | D:3      | Reached XP level 3. HP: 23/23 MP: 3/3
   353 | D:3      | Slain by TheNamelessOne's ghost

Vault maps used:
D:1:      lemuel_arrival_behind_the_door_large
D:3:      wad_lake_hut, grunt_dithmenos_smoke, lemuel_blue_sif_altar,
          first_ration, ebering_ghost_inner_flame

Skill      XL: |  1 |
---------------+----+-----
Axes           | 2 |  2.4
Fighting       | |  3.6
Armour         | |  3.6
Shields        | |  3.6

Action                   || total
-------------------------++-------
Melee: War axe           ||    80
  Use: Potion            ||     1
Armor: Scale mail        ||    20
       Plate armour      ||    47
Dodge: Dodged            ||    17
Block: Shield            ||    50

Table legend:
 A = Spawn XP
 B = Non-spawn XP
 C = Spawn XP percentage of total XP
 D = Spawn monster count
 E = Non-spawn monster count
 F = Spawn count percentage of total count
 G = Total turns spent on level
                    A         B        C        D         E        F      G
               +---------+---------+-------+---------+---------+-------+---------
         Total |       0 |      46 |   0.0 |       0 |      21 |   0.0 |   353
               +---------+---------+-------+---------+---------+-------+---------
           D:1 |       0 |       9 |   0.0 |       0 |       6 |   0.0 |   146
           D:2 |       0 |      12 |   0.0 |       0 |       7 |   0.0 |   162
           D:3 |       0 |      25 |   0.0 |       0 |       8 |   0.0 |    45
               +---------+---------+-------+---------+---------+-------+---------
